 Dungeon Crawl Stone Soup version 0.29.1-1-gd02db6906a (webtiles) character file.

Game seed: 11399626208503307291

40358 funnyparkerb the Party-goer (level 14, -5/79 HPs)
             Began as a Vine Stalker Monk on Sept 28, 2022.
             Was a Follower of Uskayaw.
             Slain by an entropy weaver simulacrum (19 damage)
             ... on level 4 of the Lair of Beasts on Sept 29, 2022.
             The game lasted 00:38:37 (17752 turns).

funnyparkerb the Party-goer (Vine Stalker Monk)    Turns: 17752, Time: 00:38:38

Health: -5/79      AC: 18    Str: 13    XL:     14   Next: 10%
Magic:  0/32       EV: 15    Int: 10    God:    Uskayaw [*.....]
Gold:   915        SH: 10    Dex: 23    Spells: 13/13 levels left

rFire   . . .      SeeInvis .   K - +3 dagger (freeze)
rCold   . . .      Faith    .   b - +1 buckler
rNeg    . . .      Spirit   +   P - +3 scale mail {rPois}
rPois   +          Reflect  +   M - +2 helmet
rElec   .          Harm     .   i - +0 cloak
rCorr   .          Rampage  .   N - +0 pair of gloves {infuse}
Will    +....                   a - +2 pair of boots
Stlth   ++++......              r - amulet of reflection
HPRegen 1.03/turn               L - ring of magical power
MPRegen 0.23/turn               R - +4 ring of slaying

@: about to teleport
A: fangs 3, regeneration 1, magic shield, antimagic bite, no potion heal 2
a: Renounce Religion, Stomp


You were on level 4 of the Lair of Beasts.
You worshipped Uskayaw.
Uskayaw was aware of your devotion.
You visited 3 branches of the dungeon, and saw 18 of its levels.
You also visited: Gauntlet and Volcano.

You collected 1287 gold pieces.
You spent 372 gold pieces at shops.

Inventory:

Hand Weapons
 K - a +3 dagger of freezing (weapon)
Missiles
 f - 44 poisoned darts (quivered)
 B - a throwing net
Armour
 a - a +2 pair of boots (worn)
 b - a +1 buckler (worn)
 i - a +0 cloak (worn)
 l - a +0 plate armour
 M - a +2 helmet (worn)
 N - a +0 pair of gloves of infusion (worn)
 P - a +3 scale mail of poison resistance (worn)
Jewellery
 r - an amulet of reflection (around neck)
 w - an amulet of the acrobat
 L - a ring of magical power (left hand)
 R - a +4 ring of slaying (right hand)
Wands
 I - a wand of charming (14)
 J - a wand of flame (44)
 Q - a wand of polymorph (13)
 U - a wand of iceblast (8)
Scrolls
 d - a scroll of vulnerability
 g - 4 scrolls of identify
 h - a scroll of noise {unknown}
 j - a scroll of brand weapon
 o - 4 scrolls of fog
 p - 2 scrolls of poison {unknown}
 q - a scroll of enchant armour
 t - 4 scrolls of magic mapping {unknown}
 u - 4 scrolls of immolation
 y - 4 scrolls of blinking
 z - 7 scrolls of teleportation
 D - 2 scrolls of fear {unknown}
 H - 5 scrolls of enchant weapon {unknown}
 S - a scroll of amnesia {unknown}
 T - a scroll of summoning {unknown}
 V - a scroll of silence {unknown}
Potions
 c - a potion of ambrosia
 e - 2 potions of degeneration
 k - 4 potions of haste
 m - a potion of resistance
 n - 2 potions of mutation
 s - 6 potions of might
 v - a potion of magic {unknown}
 x - a potion of curing
 A - a potion of flight
 C - 5 potions of brilliance
 E - 7 potions of lignification {unknown}
 F - 3 potions of cancellation {unknown}
 G - 3 potions of attraction {unknown}
 O - a potion of berserk rage {unknown}
 W - a potion of invisibility {unknown}


   Skills:
 * Level 11.9 Fighting
 + Level 6.9 Short Blades
 - Level 4.0 Armour
 * Level 10.6 Dodging
 + Level 11.4 Stealth
 * Level 11.9 Invocations


You had 13 spell levels left.
You didn't know any spells.
Your spell library contained the following spells:

 Spells                   Type           Power      Damage    Failure   Level
 Sandblast                Erth           0%         2d4       92%         1
 Passwall                 Tmut/Erth      0%         N/A       98%         2
 Static Discharge         Conj/Air       0%         3-3/arc   98%         2
 Conjure Flame            Conj/Fire      0%         6-21      100%        3
 Ignite Poison            Fire/Tmut/Pois 0%         N/A       100%        3
 Inner Flame              Hex/Fire       0%         N/A       100%        3
 Stone Arrow              Conj/Erth      0%         3d7       100%        3
 Summon Guardian Golem    Hex/Summ       0%         N/A       100%        3
 Cause Fear               Hex            0%         N/A       100%        4
 Corpse Rot               Necr/Pois/Air  0%         N/A       100%        4
 Dispel Undead            Necr           0%         3d6       100%        4
 Sticky Flame             Conj/Fire      0%         2d3       100%        4
 Death Channel            Necr           0%         N/A       100%        6
 Orb of Destruction       Conj           0%         9d5       100%        7
 Spellforged Servitor     Conj/Summ      0%         N/A       100%        7
 Discord                  Hex            0%         N/A       100%        8


Dungeon Overview and Level Annotations

Branches:
Dungeon (13/15)            Temple (1/1) D:5            Lair (4/5) D:10
  Swamp (0/4) Lair:3       Spider (0/4) Lair:2        Slime (0/5) Lair:4
    Orc (0/2) D:12        Volcano (visited)         Gauntlet (visited)
 Vaults: D:13-14

Altars:
Ashenzari
Cheibriados
Dithmenos
Elyvilon
Fedhas
Gozag
Kikubaaqudgha
Makhleb
Nemelex Xobeh
Qazlal
Ru
Sif Muna
Trog
Uskayaw
Wu Jian
Xom
Zin
Jiyva

Shops:
D:1 (   D:2 **?   D:4 [   D:8 [   D:11 !(?[(

Annotations:
D:4 Menkaure
D:11 1 runed translucent door, videwesjr's ghost, journeyman MiBe
D:12 1 runed translucent door, MackTheFife's ghost, journeyman OgFi
D:13 3 runed translucent doors, gzilladon's ghost, journeyman HOMo
Lair:2 exclusion: oklob plant


Innate Abilities, Weirdness & Mutations

You have razor-sharp teeth.
Your natural rate of healing is unusually fast.
When hurt, damage is shared between your health and your magic reserves.
Your bite disrupts and absorbs the magic of your enemies.
Potions cannot restore your health.


Message History

No target in view!
HP restored.
You enter the shallow water.
Moving in this stuff is going to be slow.
The entropy weaver simulacrum misses you.
The entropy weaver simulacrum barely misses you.
The entropy weaver simulacrum hits you but does no damage.
The entropy weaver simulacrum hits you.
The entropy weaver simulacrum freezes you!!
You closely miss the entropy weaver simulacrum.
Your bite misses the entropy weaver simulacrum.
The entropy weaver simulacrum closely misses you.
The entropy weaver simulacrum hits you but does no damage.
The entropy weaver simulacrum hits you.
The entropy weaver simulacrum freezes you!!
You block the entropy weaver simulacrum's attack.
You are too injured to fight recklessly!
Blink to where?
Press: ? - help, Dir - move target
Okay, then.
Blink to where?
Press: ? - help, Dir - move target
Okay, then.
As you read the scroll of teleportation, it crumbles to dust.
You feel strangely unstable. The entropy weaver simulacrum hits you!
The entropy weaver simulacrum freezes you!!
* * * LOW HITPOINT WARNING * * *
The entropy weaver simulacrum hits you but does no damage. x2
The entropy weaver simulacrum closely misses you.
The entropy weaver simulacrum attacks as you move away!
The entropy weaver simulacrum closely misses you.
The entropy weaver simulacrum misses you.
The entropy weaver simulacrum hits you but does no damage.
You block the entropy weaver simulacrum's attack.
The entropy weaver simulacrum attacks as you move away!
The entropy weaver simulacrum hits you but does no damage.
The entropy weaver simulacrum hits you.
* * * LOW HITPOINT WARNING * * *
The entropy weaver simulacrum freezes you!!
You die...

....##..##...~≈~...#
........#...~~~....#
~.#.P...##.~~~~~...#
~.P.#......~~~~...8#
~....#......~~~...$#
~...........~~~...)#
~.#.........~~~...$#
..#.....##..~~~.Z∩[#
.#.....###..~~~.@.[#
.......##...~~~...:#
.......##.#.~~~...$#
........###.~~≈...8#
...#........~~~....#
#####.......~~≈....#
# #........~≈~~..#
####.....~~~...#
##....~~~...#


You could see an entropy weaver simulacrum.

Vanquished Creatures
  Rupert (D:13)
  A catoblepas (D:13)
  4 hydras
  An ice dragon (Lair:4)
  A two-headed ogre (D:10)
  11 death yaks (Lair:3)
  An ugly thing (D:13)
  5 cyclopes
  4 black mambas
  Maurice (D:12)
  A torpor snail (Lair:3)
  6 cane toads
  An unseen horror (D:12)
  An efreet (D:13)
  7 komodo dragons
  4 rime drakes
  2 ice devils (Lair:4)
  A troll (D:13)
  A polar bear (shapeshifter) (D:13)
  5 blink frogs (Lair:1)
  3 polar bears
  2 slime creatures (Lair:4)
  A wyvern (D:8)
  2 shadows
  3 wraiths
  A vampire (D:12)
  2 steam dragons (D:7)
  47 yaks
  3 humans (Lair:3)
  14 vampire mosquitoes
  A redback (Lair:2)
  Edmund (D:6)
  An acid dragon (D:12)
  7 water moccasins
  4 black bears
  An orc warrior (D:12)
  A sky beast (D:7)
  An ice beast (D:8)
  2 ogres
  8 wolves
  11 centaurs
  5 kobold brigands
  A phantom (D:4)
  A necrophage (D:5)
  4 bullfrogs
  3 scorpions (D:5)
  A two-headed ogre simulacrum (Lair:4)
  A cane toad simulacrum (Lair:4)
  5 wights (D:9)
  3 killer bees (D:10)
  12 howler monkeys
  An electric eel (Lair:1)
  A lava snake (Volcano)
  2 jellies (Lair:4)
  A gnoll bouda (D:8)
  4 orc priests
  4 iguanas
  Natasha (thrice) (D:2)
  7 orc wizards
  4 hell rats (Lair:2)
  Robin (D:2)
  12 gnolls
  4 adders
  5 white imps
  3 worms
  3 dart slugs
  38 orcs
  4 bats
  3 endoplasms
  2 giant cockroaches (D:3)
  18 goblins
  10 hobgoblins
  2 jackals (D:1)
  6 quokkas
  4 ball pythons
  A frilled lizard (D:1)
  27 kobolds
  2 rats
383 creatures vanquished.

Vanquished Creatures (others)
  11 fungi
  20 plants
31 creatures vanquished.

Grand Total: 414 creatures vanquished

Notes
Turn   | Place    | Note
-------+----------+-------------------------------------------
     0 | D:1      | funnyparkerb the Vine Stalker Monk began the quest for the
                  | Orb.
     0 | D:1      | Reached XP level 1. HP: 11/11 MP: 2/2
   390 | D:1      | Reached XP level 2. HP: 16/16 MP: 3/3
   486 | D:1      | Found Nuonuenn's Weapon Emporium.
  1215 | D:2      | Found Vamoum's General Store.
  1258 | D:2      | Found Lousoof's General Store.
  1538 | D:2      | Reached XP level 3. HP: 15/19 MP: 4/4
  2003 | D:2      | Noticed Natasha
  2014 | D:2      | Killed Natasha
  2015 | D:2      | Gained mutation: Your natural rate of healing is unusually
                  | fast. [Vine Stalker growth]
  2015 | D:2      | Reached XP level 4. HP: 15/24 MP: 5/5
  2042 | D:2      | Found Coskop's Magic Scroll Shoppe.
  2081 | D:2      | Found a faded altar of an unknown god.
  2174 | D:2      | Noticed Robin
  2200 | D:2      | Noticed Natasha
  2241 | D:2      | Reached skill level 1 in Armour
  2444 | D:2      | Killed Natasha
  2454 | D:2      | Killed Robin
  2455 | D:2      | Reached XP level 5. HP: 28/28 MP: 6/6
  2602 | D:2      | Noticed Natasha
  2618 | D:2      | Killed Natasha
  2963 | D:3      | Found a sparkling altar of Nemelex Xobeh.
  3114 | D:3      | Reached XP level 6. HP: 33/33 MP: 7/7
  3310 | D:4      | Found Roirr's Antique Armour Boutique.
  3682 | D:4      | Noticed Menkaure
  3684 | D:4      | Reached XP level 7. HP: 37/37 MP: 8/8
  3850 | D:5      | Entered Level 5 of the Dungeon
  3864 | D:5      | Found a staircase to the Ecumenical Temple.
  3875 | Temple   | Entered the Ecumenical Temple
  3890 | Temple   | Became a worshipper of Uskayaw the Reveller
  3890 | Temple   | Reached * piety under Uskayaw
  3945 | D:5      | Reached ** piety under Uskayaw
  4018 | D:5      | Reached *** piety under Uskayaw
  4070 | D:5      | Reached skill level 1 in Invocations
  4073 | D:5      | Reached **** piety under Uskayaw
  4302 | D:5      | Gained mutation: You have razor-sharp teeth. [Vine Stalker
                  | growth]
  4302 | D:5      | Reached XP level 8. HP: 42/42 MP: 10/10
  4405 | D:5      | Reached skill level 5 in Fighting
  4934 | D:6      | Noticed Edmund
  4942 | D:6      | Killed Edmund
  5103 | D:6      | Identified the +1 robe "Qeykumej" {rF+ Str+3 Dex-3}
  5203 | D:6      | Found a shimmering blue altar of Sif Muna.
  5225 | D:6      | Found a shadowy altar of Dithmenos.
  5714 | D:7      | Reached skill level 5 in Stealth
  5714 | D:7      | Reached XP level 9. HP: 48/48 MP: 13/13
  5934 | D:7      | Found a sacrificial altar of Ru.
  6037 | D:7      | Reached skill level 5 in Dodging
  6240 | D:8      | Found a stormy altar of Qazlal.
  6416 | D:8      | Reached skill level 5 in Invocations
  6424 | D:8      | Reached ***** piety under Uskayaw
  6481 | D:8      | Found Fasusk's Antique Armour Shop.
  7400 | D:9      | Reached XP level 10. HP: 42/52 MP: 9/15
  7991 | D:9      | Identified the +0 pair of boots of Dogmatism {rC+ Str-2
                  | Int+4}
  8053 | D:10     | Entered Level 10 of the Dungeon
  8397 | D:10     | Found a glowing silver altar of Zin.
  8455 | D:10     | Noticed a two-headed ogre
  8506 | D:11     | Found Abuorag's Magic Scroll Shop.
  8511 | D:11     | Found Sugy's Armour Boutique.
  8513 | D:11     | Bought a scroll of teleportation for 42 gold pieces
  8513 | D:11     | Bought a scroll of blinking for 105 gold pieces
  8513 | D:11     | Bought a scroll of blinking for 105 gold pieces
  8652 | D:11     | Found Rosow's Distillery.
  8656 | D:11     | Bought a potion of might for 60 gold pieces
  8656 | D:11     | Bought a potion of might for 60 gold pieces
  8669 | D:11     | Noticed a cyclops
  8679 | D:11     | Killed a cyclops
  8846 | D:11     | Found Faaheif's Weapon Shoppe.
  9029 | D:11     | Noticed a five-headed hydra
  9033 | D:11     | Killed a five-headed hydra
  9034 | D:11     | Reached XP level 11. HP: 50/60 MP: 17/17
  9106 | D:11     | Found Ocwaasax's Antique Weapon Boutique.
  9194 | D:11     | Noticed a cyclops
  9244 | D:11     | Killed a cyclops
  9403 | D:11     | Found a runed translucent door.
  9404 | D:11     | Noticed videwesjr's ghost (journeyman MiBe)
  9404 | D:11     | Noticed a skeletal warrior
  9650 | D:12     | Noticed a cyclops
  9660 | D:12     | Killed a cyclops
  9691 | D:12     | Noticed a cyclops
  9696 | D:12     | Killed a cyclops
 10333 | D:12     | Noticed Maurice
 10370 | D:12     | Killed Maurice
 10530 | D:12     | Found a runed translucent door.
 10530 | D:12     | Found a shimmering altar of Xom.
 10530 | D:12     | Identified the +7 morningstar "Otze" {chaos, rC+ Str-3
                  | Int+5 Stlth+}
 10530 | D:12     | Noticed a +7 morningstar "Otze" {chaos, rC+ Str-3 Int+5
                  | Stlth+}
 10530 | D:12     | Noticed MackTheFife's ghost (journeyman OgFi)
 10630 | D:12     | Found a staircase to the Orcish Mines.
 10975 | D:13     | Noticed a cyclops
 10979 | D:13     | Killed a cyclops
 11081 | D:13     | Noticed Rupert
 11088 | D:13     | Killed Rupert
 11273 | D:13     | Noticed a red ugly thing
 11283 | D:13     | Killed a red ugly thing
 11284 | D:13     | Reached XP level 12. HP: 67/67 MP: 19/19
 11322 | D:13     | Found a runed translucent gate.
 11323 | D:13     | Found a runed translucent gate.
 11323 | D:13     | Noticed an ettin
 11323 | D:13     | Noticed gzilladon's ghost (journeyman HOMo)
 11327 | D:13     | Noticed a catoblepas
 11330 | D:13     | Noticed a deep troll earth mage
 11431 | D:13     | Found a runed translucent gate.
 11576 | D:13     | Noticed a jorogumo
 11582 | D:13     | a jorogumo changed into something unseen
 11657 | D:13     | Noticed a catoblepas
 11664 | D:13     | Reached skill level 5 in Short Blades
 11699 | D:13     | Killed a catoblepas
 12072 | D:13     | Noticed an iron troll
 12085 | D:13     | Noticed a stone giant
 12091 | D:13     | Noticed a quicksilver dragon
 12091 | D:13     | a stone giant changed into a quicksilver dragon
 12184 | D:10     | Killed a two-headed ogre
 12481 | D:10     | Found a staircase to the Lair.
 12498 | D:10     | Reached skill level 10 in Fighting
 12829 | Lair:1   | Entered Level 1 of the Lair of Beasts
 12965 | Lair:1   | Noticed a five-headed hydra
 12973 | Lair:1   | Killed a five-headed hydra
 12974 | Lair:1   | Reached skill level 10 in Invocations
 13055 | Lair:1   | Noticed an eight-headed hydra
 13064 | Lair:1   | Killed an eight-headed hydra
 13116 | Lair:1   | Found a dark tunnel.
 13127 | Volcano  | Entered a volcano
 13560 | Lair:1   | Reached skill level 10 in Stealth
 14069 | Lair:2   | Found a gate leading to a gauntlet.
 14234 | Gauntlet | Entered a Gauntlet
 14234 | Gauntlet | Found a transporter.
 14234 | Gauntlet | Found a transporter.
 14240 | Gauntlet | Found a transporter.
 14255 | Gauntlet | Found a transporter.
 14257 | Gauntlet | Noticed a death scarab
 14267 | Gauntlet | Noticed a death scarab
 14277 | Gauntlet | Found a transporter.
 14284 | Gauntlet | Found a transporter.
 14291 | Gauntlet | Noticed a green death
 14300 | Gauntlet | Found a transporter.
 14366 | Gauntlet | Found a transporter.
 14381 | Gauntlet | Found a transporter.
 14397 | Gauntlet | Found a transporter.
 14410 | Gauntlet | Found a transporter.
 14413 | Gauntlet | Noticed a catoblepas
 14421 | Gauntlet | Noticed a quicksilver ooze
 14426 | Gauntlet | Found a transporter.
 14493 | Gauntlet | Found a transporter.
 14505 | Gauntlet | Found a transporter.
 14508 | Gauntlet | Found a transporter.
 14547 | Gauntlet | Found a transporter.
 14713 | Lair:2   | Reached XP level 13. HP: 70/72 MP: 21/21
 14821 | Lair:2   | Found a hole to the Spider Nest.
 15732 | Lair:3   | Reached ****** piety under Uskayaw
 15972 | Lair:3   | Reached skill level 10 in Dodging
 16318 | Lair:3   | Found a staircase to the Swamp.
 16677 | Lair:4   | Found a staircase to the Slime Pits.
 16677 | Lair:4   | Found a viscous altar of Jiyva.
 16911 | Lair:4   | Noticed an ice dragon
 17016 | Lair:4   | Killed an ice dragon
 17017 | Lair:4   | Reached XP level 14. HP: 48/79 MP: 21/23
 17752 | Lair:4   | Slain by an entropy weaver simulacrum

Illustrated notes

Levels and vault maps discovered:
D:1:      scummos_arrival_simple_fountains, layout_basic, serial_shops,
          nicolae_shop_bloodbath_and_beyond, minmay_misc_feat_nine_boxes,
          palyth_stone_intersect
D:2:      minmay_alternating_diamond, layout_loops_corners,
          basic_ecumenical_altar, serial_shops, nicolae_diamond_shop, shop,
          shop, grunt_decor_fettered, chequers_serial_rivers_small_3,
          uniq_robin, uniq_natasha
D:3:      layout_rooms, nemelex_diamond_rough_becter
D:4:      corexii_shack_village, layout_rooms, serial_shops,
          nicolae_shop_overgrown_old_shop, uniq_menkaure
D:5:      layout_cave_pods, temple_fountains
D:6:      layout_basic, grunt_dithmenos_smoke_and_mirrors, lemuel_crystal_altar,
          uniq_edmund
D:7:      layout_cave_pools, mainiacjoe_overflow_alcove_2
D:8:      layout_loops_corners, nicolae_qazlal_scattered_showers, serial_shops,
          kennysheep_little_box
D:9:      layout_basic
D:10:     layout_loops_ring, zin_scriptorium, david_lair_shrubbed
D:11:     layout_loops_cross, ebering_ghost_inner_flame, serial_shops,
          nicolae_shop_waterfront, shop, shop, nicolae_shop_waterfront,
          shop_statue, minmay_unpleasant_kobolds
D:12:     layout_basic, hiddenorc1_lemuel, ebering_ghost_xom, uniq_maurice
D:13:     layout_loops_corners, gammafunk_ghost_split, uniq_rupert
Temple:   eino_temple_rhombus
Lair:1:   layout_small_grid, enter_volcano_2, serial_bayou_shore_a,
          infiniplex_staircase_pool_2
Lair:2:   layout_cave_pods, spider_nest_entry_webs, gauntlet_entry_generic
Lair:3:   slaughterhouse, layout_cave_pods, minmay_swamp_entry_swarm,
          lemuel_fruit_tree
Lair:4:   dreamdust_isle_of_ice, layout_gridlike, minmay_slime_entry_pillars

Skill      XL: |  1  2  3  4  5  6  7  8  9 10 11 12 13 |
---------------+----------------------------------------+-----
Short Blades   | 3 4 5 6 |  6.9
Fighting       | 3 4 5 7 8 9 10 11 | 11.9
Armour         | 1 2 4 |  4.0
Stealth        | 3 5 6 7 9 10 11 | 11.4
Invocations    | 2 4 6 7 9 10 11 | 11.9
Dodging        | 3 4 5 7 8 9 10 | 10.6

Action                   |  1- 3 |  4- 6 |  7- 9 | 10-12 | 13-15 || total
-------------------------+-------+-------+-------+-------+-------++-------
Melee: Short sword       |    24 |       |       |       |       ||    24
       Bite              |    27 |    96 |   100 |   241 |   129 ||   593
       Dagger            |    52 |   263 |   295 |   603 |   290 ||  1503
Throw: Dart              |       |       |     6 |     4 |       ||    10
Invok: Line Pass         |       |       |       |    12 |     6 ||    18
  Use: Scroll            |       |     1 |     4 |    11 |     2 ||    18
       Potion            |       |       |       |     1 |       ||     1
 Stab: Sleeping          |     2 |     4 |     8 |    10 |     3 ||    27
       Paralysed         |       |       |    12 |    34 |    22 ||    68
       Distracted        |       |       |     1 |     3 |     4 ||     8
       Confused          |       |       |       |     5 |     4 ||     9
       Held in net/web   |       |       |       |     1 |       ||     1
Armor: Robe              |     6 |       |       |       |       ||     6
       Plate armour      |     7 |   155 |       |       |       ||   162
       Leather armour    |     1 |    13 |    77 |   100 |       ||   191
       Scale mail        |       |       |       |    84 |    67 ||   151
Dodge: Dodged            |    31 |    54 |   128 |   285 |   104 ||   602
Block: Buckler           |     7 |    85 |   131 |   257 |   109 ||   589
       Reflection        |       |     5 |     3 |    11 |       ||    19
